 Dungeon Crawl Stone Soup version 0.27.1-1-g398f81649c (webtiles) character file.

Game seed: 17515069516968143222

6351 ZARRMARR the Covert (level 10, -10/71 HPs)
             Began as an Octopode Conjurer on Sept 13, 2021.
             Was a Follower of Sif Muna.
             Mangled by an unseen horror (12 damage)
             ... on level 10 of the Dungeon.
             The game lasted 00:57:29 (18494 turns).

ZARRMARR the Covert (Octopode Conjurer)            Turns: 18494, Time: 00:57:30

Health: -10/71     AC:  1    Str:  6    XL:     10   Next: 96%
Magic:  13/13      EV: 15    Int: 30    God:    Sif Muna [*.....]
Gold:   572        SH:  0    Dex: 11    Spells: 12/13 levels left

rFire    . . .     SeeInvis .   q - +4 short sword (freeze)
rCold    + . .     Faith    .   (no shield)
rNeg     . . .     Spirit   .   (helmet restricted)
rPois    +         Reflect  .   (no amulet)
rElec    .         Harm     .   g - ring of poison resistance
rCorr    .         Rampage  .   u - ring of protection from cold
Will     .....                  h - +6 ring of intelligence
Stlth    +++++.....             (no ring)
HPRegen  0.21/turn              (no ring)
MPRegen  0.13/turn              (no ring)
                                (no ring)
                                (no ring)

@: no status effects
A: almost no armour, amphibious, 8 rings, camouflage 1, gelatinous body 1,
(nimble swimmer 1), tentacles
a: Renounce Religion, Channel Magic


You were on level 10 of the Dungeon.
You worshipped Sif Muna.
Sif Muna was aware of your devotion.
You visited 2 branches of the dungeon, and saw 11 of its levels.
You also visited: Ossuary.

You collected 572 gold pieces.

Inventory:

Hand Weapons
 d - a +2 short sword of venom
 q - a +4 short sword of freezing (weapon)
Jewellery
 g - a ring of poison resistance (left tentacle)
 h - a +6 ring of intelligence (on tentacle)
 u - a ring of protection from cold (right tentacle)
 y - a ring of wizardry
Scrolls
 f - a scroll of amnesia
 i - a scroll of magic mapping
 j - 2 scrolls of brand weapon
 n - 2 scrolls of enchant weapon
 s - a scroll of vulnerability
 x - 3 scrolls of immolation
 A - a scroll of fear
Potions
 k - a potion of lignification {unknown}
 l - a potion of berserk rage {unknown}
 m - 2 potions of resistance {unknown}
 o - 2 potions of magic {unknown}
 p - a potion of mutation {unknown}
 r - a potion of haste {unknown}
 t - a potion of degeneration {unknown}
 v - a potion of invisibility {unknown}
 z - a potion of brilliance {unknown}


   Skills:
 + Level 7.2 Fighting
 * Level 10.0 Short Blades
 + Level 7.6 Dodging
 + Level 10.7 Stealth
 - Level 2.0 Spellcasting
 - Level 4.0 Conjurations


You had 12 spell levels left.
You knew the following spells:

 Your Spells              Type           Power      Damage    Failure   Level
a - Magic Dart            Conj           100%       1d8       1%          1

Your spell library contained the following spells:

 Spells                   Type           Power      Damage    Failure   Level
 Searing Ray              Conj           54%        3d5       2%          2
 Sandblast                Erth           6%         2d5       8%          1
 Dazzling Flash           Conj/Hex       30%        N/A       11%         3
 Fulminant Prism          Conj/Hex       7%         3d7       34%         4
 Iskenderun's Mystic Bla  Conj/Tloc      15%        2d5       34%         4
 Malign Gateway           Summ/Tloc      1%         N/A       100%        7
 Animate Armour           Summ/Erth      Unusable   N/A       N/A         4

Dungeon Overview and Level Annotations

Branches:
Dungeon (10/15)            Temple (1/1) D:7         Ossuary (visited)
   Lair: D:8-11         Orc: D:9-12

Altars:
Ashenzari
Cheibriados
Dithmenos
Elyvilon
Fedhas
Gozag
Hepliaklqana
Kikubaaqudgha
Makhleb
Nemelex Xobeh
Okawaru
Qazlal
Ru
Sif Muna
Trog
Uskayaw
Vehumet
Wu Jian
Xom
Yredelemnul
Zin
The Shining One
Lugonu

Shops:
D:1 [   D:5 =

Annotations:
D:2 exclusion: downstairs
D:6 exclusion: downstairs
D:7 2 transporters, exclusion: 2 downstairs
D:8 exclusions: downstairs and hornet
D:9 1 runed translucent door, exclusions: gnoll, 6 kobolds and kobold brigand, T3K's ghost, novice DsIE
D:10 exclusions: gnoll and steam dragon, Josephine


Innate Abilities, Weirdness & Mutations

You cannot wear most types of armour.
You are amphibious.
You can wear up to eight rings at the same time.
Your skin changes colour to match your surroundings (Stealth+).
Your rubbery body absorbs attacks. (AC +1, EV +1)
((You are camouflaged near water. (Stealth+)))
You have tentacles for arms and can constrict up to eight enemies at once.


Message History

You start resting.
Magic restored.
You start resting.
HP restored.
Unknown command.
Things that are here:
a +0 shortbow; 9 arrows
Things that are here:
a +0 great sword; a +0 robe
Found a battleaxe.
There is an open door here.
Press: ? - help, v - describe, . - travel
Here: Josephine, wielding a +2 dagger of speed and wearing a +0 robe (wandering, hasn't noticed you)
The floor.
Unknown command.
There is an open door here.
Something hits you!
Deactivating autopickup; reactivate with Ctrl-A.
Something hits you.
As you read the scroll of fog, it crumbles to dust.
The scroll dissolves into smoke.
Something hits you! x2
You closely miss something. Your squeeze misses something. Something hits you!
You puncture something! You freeze something. Something hits you.
You closely miss something. Something hits you but does no damage.
Something hits you.
You barely miss something. Something hits you!
* * * LOW HITPOINT WARNING * * *
You hit something but do no damage. Something hits you.
* * * LOW HITPOINT WARNING * * *
Casting: Magic Dart (safe; 1% risk of failure)
Confirm with . or Enter, or press ? or * to list all spells.
You can't see any susceptible monsters within range! (Use Z to cast anyway.)
You completely miss something. Something hits you!
* * * LOW HITPOINT WARNING * * *
You hit something. You freeze something. Something hits you but does no damage.
You barely miss something. Your squeeze misses something. Something hits you.
* * * LOW HITPOINT WARNING * * *
Unknown command.
You hit something. You freeze something. Something hits you!
You die...

....# #....# .. ....#
#)...# ... ....#
#.##.##'## ....#
#.##.....@ ....#####
#######.##...... ....#...#
................ ......#
#############.####..##
....########..§§§§§....#.#
#..#
...)>.....##..§§@§§....'.#
#..#
...........#.§§§§{§.)..#.#
#..
...##'######..§#####...#.#
##.## ...#...........#
#...#.. ...
...#...........# #...####
#.### ...#...........#
#...# #.#..
####...#########
#...######.#.. #...#
#.......##W#.. #...#
#.......##.#..


There were no monsters in sight!

Vanquished Creatures
  Pikel (D:7)
  3 centaur zombies (D:10)
  Maggie (D:7)
  A wraith (D:10)
  2 wyverns
  A yak (D:10)
  A steam dragon (D:9)
  A water moccasin (D:7)
  A black bear (D:5)
  An ice beast (D:6)
  5 necrophages
  An ogre (D:6)
  An orc warrior (D:7)
  4 centaurs
  3 kobold brigands
  A wyvern zombie (D:5)
  A gnoll sergeant (D:7)
  2 scorpions
  3 killer bees (D:9)
  15 wights
  5 howler monkeys
  2 gnoll shamans
  2 hounds (D:6)
  A human zombie (Ossuary)
  2 orc priests (D:3)
  Crazy Yiuf (D:4)
  3 jellies
  4 iguanas
  3 mummies (Ossuary)
  A hound skeleton (D:3)
  2 howler monkey zombies
  A howler monkey skeleton (D:4)
  5 adders
  11 gnolls
  2 shadow imps (D:6)
  A white imp (D:6)
  2 adder skeletons
  6 adder zombies (Ossuary)
  2 worms
  5 dart slugs
  12 orcs
  7 ball pythons
  6 endoplasms
  8 giant cockroaches
  A gnoll zombie (Ossuary)
  10 goblins
  7 hobgoblins
  4 jackals (D:3)
  6 quokkas
  7 bats
  5 frilled lizards
  A goblin zombie (Ossuary)
  4 hobgoblin zombies (Ossuary)
  A jackal skeleton (D:4)
  14 kobolds
  2 kobold zombies (Ossuary)
  3 quokka zombies (Ossuary)
  3 rats
211 creatures vanquished.

Vanquished Creatures (collateral kills)
  A two-headed ogre (D:10)
  A centaur zombie (D:10)
2 creatures vanquished.

Vanquished Creatures (others)
  A gnoll (D:10)
  3 fungi (D:4)
  4 withered plants (D:10)
8 creatures vanquished.

Grand Total: 221 creatures vanquished

Notes
Turn   | Place    | Note
-------+----------+-------------------------------------------
     0 | D:1      | ZARRMARR the Octopode Conjurer began the quest for the Orb.
     0 | D:1      | Reached XP level 1. HP: 11/11 MP: 3/3
   166 | D:1      | Reached XP level 2. HP: 18/18 MP: 1/5
   321 | D:1      | Found Wyobeed's Antique Armour Emporium.
   367 | D:1      | Reached skill level 1 in Fighting
   554 | D:1      | Reached XP level 3. HP: 23/23 MP: 1/6
  1223 | D:2      | Found a faded altar of an unknown god.
  2031 | D:3      | You fall into a shaft and drop 1 floor!
  2036 | D:4      | Reached skill level 1 in Short Blades
  2036 | D:4      | Reached XP level 4. HP: 28/28 MP: 4/7
  2091 | D:4      | Found a sand-covered staircase.
  2097 | Ossuary  | Entered an ossuary
  2466 | Ossuary  | Reached XP level 5. HP: 34/34 MP: 6/8
  3146 | D:4      | Noticed a kobold brigand
  3764 | D:3      | Reached XP level 6. HP: 34/41 MP: 3/9
  4058 | D:3      | Reached skill level 5 in Stealth
  4493 | D:3      | Got the Disquisition on Clay and the Voyage
  6021 | D:4      | Found a runed translucent door.
  6022 | D:4      | Noticed Crazy Yiuf
  6031 | D:4      | Killed Crazy Yiuf
  6228 | D:5      | Entered Level 5 of the Dungeon
  6246 | D:5      | Found Pianah's Jewellery Emporium.
  6345 | D:5      | Noticed a black bear
  6537 | D:5      | Found a broken altar of Ashenzari.
  6571 | D:5      | Reached XP level 7. HP: 46/46 MP: 5/10
  7478 | D:6      | Reached skill level 5 in Short Blades
  7478 | D:6      | Reached XP level 8. HP: 54/54 MP: 11/11
  8811 | D:7      | Noticed a brown ugly thing
  8814 | D:7      | Found a corrupted altar of Lugonu.
  8857 | D:7      | Noticed a brown ugly thing
  8917 | D:7      | Found a staircase to the Ecumenical Temple.
  8942 | Temple   | Entered the Ecumenical Temple
  9152 | Temple   | Became a worshipper of Sif Muna the Loreminder
  9221 | D:7      | Reached skill level 5 in Dodging
  9342 | D:7      | Noticed Maggie
  9729 | D:7      | Found a transporter.
  9734 | D:7      | Found a transporter.
  9904 | D:8      | Noticed a hornet
 10302 | D:8      | Noticed a wyvern
 11516 | D:5      | Reached XP level 9. HP: 60/60 MP: 12/12
 11815 | D:6      | Reached skill level 5 in Fighting
 12894 | D:7      | Killed Maggie
 13088 | D:8      | Noticed Pikel
 13110 | D:7      | Killed Pikel
 13571 | D:7      | Found a corrupted altar of Lugonu.
 13647 | D:7      | Found a staircase to the Ecumenical Temple.
 13959 | D:7      | Found a transporter.
 13963 | D:7      | Found the +4 dagger "Morg" {pain, Will+ Int+5}
 15082 | D:9      | Reached XP level 10. HP: 68/68 MP: 13/13
 15154 | D:9      | Found a runed translucent door.
 15155 | D:9      | Noticed T3K's ghost (novice DsIE)
 15449 | D:10     | Entered Level 10 of the Dungeon
 15667 | D:10     | Reached * piety under Sif Muna
 15695 | D:10     | Reached skill level 10 in Stealth
 16381 | D:10     | Noticed Josephine
 16857 | D:10     | Noticed a two-headed ogre
 16984 | D:10     | Killed a two-headed ogre
 17170 | D:10     | Noticed a gargoyle
 18115 | D:10     | Reached skill level 10 in Short Blades
 18493 | D:10     | HP: 2/71 [something (5)]
 18494 | D:10     | Mangled by an unseen horror

Illustrated notes

Levels and vault maps discovered:
D:1:      shiori_shiawase, layout_rooms, serial_shops,
          nicolae_shop_window_shopping
D:2:      layout_loops_ring, dreamdust_ecumenical_altar_statues
D:3:      minmay_octagon_keep, layout_basic, minmay_unequal
D:4:      layout_loops_corners, nicolae_ossuary_entry_plus,
          uniq_crazy_yiuf_cottage
D:5:      layout_rooms, ashenzari_altar_1, serial_shops, nicolae_shop_crystal
D:6:      layout_basic
D:7:      gammafunk_corrupted_shrine, layout_basic,
          minmay_temple_entry_statues_pillars, minmay_tree_intersection,
          corexii_hall_statues_x, uniq_maggie
D:8:      layout_rooms, uniq_pikel
D:9:      layout_long_grid, ebering_ghost_reflecting_pool
D:10:     kennysheep_blocky_hall, layout_basic, serial_undead, serial_undead_c,
          serial_undead_f, serial_undead_d, serial_undead_a, serial_undead_c,
          serial_undead_c, serial_undead_f, serial_shops, shop_statue,
          lemuel_flamethrower_hall, uniq_josephine
Temple:   minmay_crystal_snake_temple

Skill      XL: |  1  2  3  4  5  6  7  8  9 10 |
---------------+-------------------------------+-----
Stealth        | 3 4 5 6 7 9 10 | 10.7
Fighting       | 1 2 3 4 6 7 |  7.2
Short Blades   | 1 2 3 5 6 8 10 | 10.0
Dodging        | 3 4 5 6 7 |  7.6
Spellcasting   | |  2.0
Conjurations   | |  4.0

Action                   |  1- 3 |  4- 6 |  7- 9 | 10-12 || total
-------------------------+-------+-------+-------+-------++-------
Melee: Unarmed           |     5 |       |       |       ||     5
       Constrict         |     6 |    34 |    28 |    13 ||    81
       Tentacles         |     4 |    26 |    29 |    24 ||    83
       Short sword       |    13 |   137 |   174 |   179 ||   503
 Cast: Magic Dart        |    87 |   139 |   117 |    75 ||   418
Evoke: Wand              |       |       |    12 |     8 ||    20
  Use: Scroll            |     3 |     8 |     5 |     9 ||    25
       Potion            |       |     1 |     3 |     5 ||     9
 Stab: Sleeping          |       |     7 |    18 |     2 ||    27
Armor: Skin              |     1 |     4 |     5 |    12 ||    22
Dodge: Dodged            |    10 |    77 |    86 |   115 ||   288
